 Dungeon Crawl Stone Soup version 0.27.1-33-g824d729ab1 (webtiles) character file.

Game seed: 8877220550142908811

91 barney the Changer (level 4, 0/35 HPs)
             Began as a Draconian Transmuter on Dec 20, 2021.
             Succumbed to an adder's poison
             ... on level 3 of the Dungeon.
             The game lasted 00:02:08 (2170 turns).

barney the Changer (Draconian Transmuter)           Turns: 2170, Time: 00:02:08

Health: 0/35       AC:  5    Str: 13    XL:     4   Next: 33%
Magic:  7/7        EV: 12    Int: 14    God:
Gold:   88         SH:  0    Dex: 11    Spells: 0/7 levels left

rFire    . . .     SeeInvis .   d - +0 trident
rCold    . . .     Faith    .   (no shield)
rNeg     . . .     Spirit   .   (armour unavailable)
rPois    .         Reflect  .   (helmet currently unavailable)
rElec    .         Harm     .   (no cloak)
rCorr    .         Rampage  .   (no gloves)
Will     .....                  (boots currently unavailable)
Stlth    +.........             (no amulet)
HPRegen  0.11/turn              (no ring)
MPRegen  0.10/turn              (no ring)

@: lethally poisoned (0 -> -6), appendages (expiring), flying
A: horns 2, talons 2, AC +5, unfitting armour, cold-blooded
a: End Transformation


You were on level 3 of the Dungeon.
You had temporarily grown beastly horns and talons.
You visited 1 branch of the dungeon, and saw 3 of its levels.

You collected 88 gold pieces.

Inventory:

Hand Weapons
 d - a +0 trident (weapon)
Jewellery
 g - an amulet of magic regeneration
 h - a ring of flight
Scrolls
 a - 2 scrolls of teleportation {unknown}
 b - a scroll of identify {unknown}
 c - a scroll of brand weapon {unknown}
Potions
 f - a potion of mutation {unknown}


   Skills:
 - Level 1.1 Fighting
 - Level 1.7 Dodging
 - Level 3.0 Unarmed Combat
 - Level 2.0 Spellcasting
 + Level 4.5 Transmutations
 + Level 0.8 Ice Magic


You couldn't memorise any spells.
You knew the following spells:

 Your Spells              Type           Power      Damage    Failure   Level
a - Beastly Appendage     Tmut           28%        N/A       3%          1
b - Ice Form              Ice/Tmut       8%         N/A       61%         4
c - Wereblood             Tmut           14%        N/A       5%          2

Your spell library contained the following spells:

 Spells                   Type           Power      Damage    Failure   Level
 Animate Skeleton         Necr           2%         N/A       24%         1
 Pain                     Necr           4%         1d4       24%         1
 Spider Form              Tmut/Pois      3%         N/A       28%         3
 Vampiric Draining        Necr           0%         2d6       56%         3


Dungeon Overview and Level Annotations

Branches:
Dungeon (3/15)

Altars:

Shops:
D:1 [

Portals:
Sewer: D:3


Innate Abilities, Weirdness & Mutations

You have temporarily grown beastly horns and talons.
Your plain brown scales are hard. (AC +5)
You cannot fit into any form of body armour.
You are cold-blooded and may be slowed by cold attacks.


Message History

The goblin is heavily wounded.
The goblin hits you but does no damage.
You barely miss the goblin. Your kick misses the goblin.
The goblin is heavily wounded.
The goblin barely misses you.
You closely miss the goblin. Your headbutt misses the goblin.
The goblin is heavily wounded.
The goblin hits you with a +0 dagger. The goblin barely misses you.
You barely miss the goblin.
The goblin is heavily wounded.
The goblin hits you but does no damage.
You hit the goblin.
You kill the goblin!
A kobold comes into view. It is wielding a +0 short sword.
The adder bites you but does no damage.
You closely miss the adder.
The kobold shouts!
Your kick misses the adder.
You headbutt the adder, but do no damage.
The adder bites you but does no damage. The adder bites you.
* * * LOW HITPOINT WARNING * * *
You closely miss the adder.
Your transformation is almost over.
The adder barely misses you. The adder bites you.
* * * LOW HITPOINT WARNING * * *
You barely miss the adder. Your kick misses the adder.
Your headbutt misses the adder. The adder bites you.
* * * LOW HITPOINT WARNING * * *
You are poisoned.
The adder poisons you!
You barely miss the adder.
* * * LOW HITPOINT WARNING * * *
You feel sick. The adder bites you.
* * * LOW HITPOINT WARNING * * *
You are more poisoned.
The adder poisons you! The adder bites you but does no damage.
It was a potion of flight.
You feel very buoyant.
You fly up into the air.
You die...

##..## .....###########
#..........<.†###
#..###..........#
#..##..#††.#..#.#
#..#...≈≈≈≈≈....#
..#####..#.#≈≈≈≈≈≈≈#..#
#..".[.....≈≈≈≈≈≈≈≈...#
#..####@#...≈≈≈∩≈≈≈...#
#S##..≈≈≈≈≈≈≈..##
#K##.#≈≈≈≈≈≈≈#.#
#.##...≈≈≈≈≈...#
#.###..#≈.≈#..## ..#
##......... #.# #...##
#.#


You could see an adder and a kobold.

Vanquished Creatures
  4 gnolls (D:2)
  An adder (D:2)
  A worm (D:3)
  4 endoplasms (D:1)
  3 giant cockroaches
  A hobgoblin (D:3)
  2 jackals (D:1)
  5 kobolds
  4 ball pythons
  5 bats
  4 frilled lizards
  3 goblins
  5 rats
42 creatures vanquished.

Notes
Turn   | Place    | Note
-------+----------+-------------------------------------------
     0 | D:1      | barney the Draconian Transmuter began the quest for the
                  | Orb.
     0 | D:1      | Reached XP level 1. HP: 16/16 MP: 3/3
   450 | D:1      | Reached XP level 2. HP: 19/23 MP: 3/5
   564 | D:1      | Reached skill level 3 in Transmutations
   672 | D:1      | Found Kyntaurph's Antique Armour Shoppe.
  1227 | D:2      | Reached XP level 3. HP: 28/28 MP: 4/6
  1233 | D:2      | Reached skill level 4 in Transmutations
  1251 | D:2      | Reached XP level 4. HP: 3/35 MP: 7/7
  1741 | D:1      | Learned a level 4 spell: Ice Form
  1744 | D:1      | Learned a level 2 spell: Wereblood
  2098 | D:3      | Found a glowing drain.
  2169 | D:3      | HP: 1/35 [adder (2)]
  2170 | D:3      | Succumbed to an adder's poison

Illustrated notes

Levels and vault maps discovered:
D:1:      ncdulo_lavacross, layout_basic, serial_shops, shop_fountains,
          chequers_serial_rivers_micro_a
D:2:      layout_rooms
D:3:      layout_loops_ring, mainiacjoe_overflow_concentric_impassable,
          cheibrodos_sewer_entry_drain, hellmonk_ecumenical_altar_inner_sanctum

Skill      XL: |  1  2  3 |
---------------+----------+-----
Transmutations | 3 4 |  4.5
Fighting       | |  1.1
Dodging        | |  1.7
Unarmed Combat | |  3.0
Spellcasting   | |  2.0
Ice Magic      | |  0.8

Action                   |  1- 3 |  4- 6 || total
-------------------------+-------+-------++-------
Melee: Short sword       |    20 |       ||    20
       Unarmed           |     8 |       ||     8
       Kick              |     5 |     6 ||    11
       Tailslap          |     4 |     5 ||     9
       Trident           |    80 |    52 ||   132
       Headbutt          |     3 |     3 ||     6
 Cast: Beastly Appendage |     7 |     6 ||    13
  Use: Potion            |       |     1 ||     1
 Stab: Sleeping          |     3 |       ||     3
Armor: Skin              |    26 |    20 ||    46
Dodge: Dodged            |    63 |    37 ||   100
